 Dungeon Crawl Stone Soup version 0.24.0-2-g5b39cebb1c (console) character file.

Game seed: 6808371376858550348, levelgen mode: deterministic

15345 AlterAsc the Destroyer (level 12, -2/71 HPs)
             Began as a Tengu Air Elementalist on Oct 29, 2019.
             Was an Elder of Kikubaaqudgha.
             Hit by a silver javelin thrown by Urug (3 damage)
             ... on level 12 of the Dungeon.
             The game lasted 02:07:27 (17884 turns).

AlterAsc the Destroyer (Tengu Air Elementalist)    Turns: 17884, Time: 02:07:28

Health: -2/71      AC:  9    Str: 11    XL:     12   Next: 26%
Magic:  12/40      EV: 17    Int: 19    God:    Kikubaaqudgha [****..]
Gold:   571        SH:  0    Dex: 14    Spells: 3/27 levels left

rFire    . . .     SeeInvis .   y - staff of power
rCold    . . .     Gourm    .   (no shield)
rNeg     + . .     Faith    .   P - +3 ring mail {rN+}
rPois    .         Spirit   .   (helmet restricted)
rElec    .         Reflect  .   u - +0 cloak
rCorr    .         Harm     .   (no gloves)
MR       +....                  (boots unavailable)
Stlth    +.........             (no amulet)
HPRegen  0.21/turn              H - ring of protection from magic
MPRegen  0.27/turn              (no ring)

@: flying quickly and evasively, quick
A: beak, talons 3, able to fly
a: Stop Flying, Receive Corpses, Renounce Religion


You were on level 12 of the Dungeon.
You worshipped Kikubaaqudgha.
Kikubaaqudgha was greatly pleased with you.
You were very hungry.

You visited 3 branches of the dungeon, and saw 15 of its levels.

You collected 571 gold pieces.

Inventory:

Hand Weapons
 c - a +4 spear
 g - a +0 dagger of venom
 S - the +3 hand axe of Stickiness {freeze, rPois rN+}
   (You found it on level 11 of the Dungeon)

   It has been specially enchanted to freeze those struck by it, causing extra
   injury to most foes and up to half again as much damage against particularly
   susceptible opponents.
   It can also slow down cold-blooded creatures.
   It protects you from poison.
   It protects you from negative energy.
Armour
 n - a +0 leather armour
 s - a +4 ring mail
 u - a +0 cloak (worn)
 x - the +10 plate armour "Musaich" {rElec MR+ Str-3}
   (You found it on level 4 of the Dungeon)

   It affects your strength (-3).
   It insulates you from electricity.
   It affects your resistance to hostile enchantments.
 G - a +0 buckler
 I - a +0 ring mail
 K - the +0 leather armour of Words of Power {rN+ rCorr}
   (You found it on level 9 of the Dungeon)

   It protects you from negative energy.
   It provides partial protection from all sources of acid and corrosion.
 P - a +3 ring mail of positive energy (worn)
 R - a +0 leather armour
 U - a +3 troll leather armour {Snorg}
Magical Staves
 y - an uncursed staff of power (weapon)
Jewellery
 t - a cursed -3 ring of intelligence
 E - an uncursed amulet of rage
 H - a ring of protection from magic (left hand)
Wands
 h - a wand of flame (37)
 v - a wand of iceblast (9)
 w - a wand of polymorph (8)
 C - a wand of acid (28)
 N - a wand of clouds (8)
 W - a wand of paralysis (5)
Scrolls
 i - 2 scrolls of enchant weapon {unknown}
 k - 3 scrolls of remove curse
 l - 4 scrolls of teleportation
 o - a scroll of identify
 p - 2 scrolls of fear
 q - a scroll of magic mapping {unknown}
 F - a scroll of blinking {unknown}
 L - 3 scrolls of fog
 M - a scroll of random uselessness {unknown}
 Q - a scroll of acquirement {unknown}
 V - a scroll of noise {unknown}
Potions
 a - 3 potions of cancellation
 b - 4 potions of heal wounds
 d - 3 potions of haste
 e - a potion of flight {unknown}
 f - a potion of degeneration {unknown}
 m - 3 potions of brilliance {unknown}
 r - 3 potions of agility
 z - 2 potions of magic {unknown}
 A - a potion of mutation {unknown}
 B - a potion of lignification {unknown}
 D - 2 potions of might
 J - a potion of berserk rage {unknown}
 O - 2 potions of curing {unknown}
Comestibles
 j - 12 rations
 T - 4 chunks of flesh


   Skills:
 + Level 6.5 Fighting
 - Level 3.0 Armour
 + Level 7.6 Dodging
 - Level 2.4 Stealth
 - Level 8.2 Spellcasting
 + Level 11.1 Conjurations
 - Level 2.0 Charms
 * Level 8.7 Necromancy
 - Level 2.0 Translocations
 - Level 11.0 Air Magic


You had 3 spell levels left.
You knew the following spells:

 Your Spells              Type           Power        Failure   Level  Hunger
a - Shock                 Conj/Air       ####         1%          1    None
b - Swiftness             Chrm/Air       ####....     2%          2    None
c - Static Discharge      Conj/Air       #####...     1%          3    None
d - Animate Skeleton      Necr           N/A          1%          1    None
e - Pain                  Necr           ####         1%          1    None
f - Lightning Bolt        Conj/Air       #####.....   6%          5    #####..
g - Blink                 Tloc           N/A          13%         2    None
h - Animate Dead          Necr           N/A          5%          4    ###....
i - Agony                 Necr           #####...     16%         5    #####..

Your spell library contained the following spells:

 Spells                   Type           Power        Failure   Level  Hunger
 Flame Tongue             Conj/Fire      ####.        1%          1    None
 Magic Dart               Conj           ####         1%          1    None
 Corpse Rot               Necr           N/A          1%          2    None
 Sublimation of Blood     Necr           #####.....   1%          2    None
 Throw Flame              Conj/Fire      ####..       3%          2    None
 Mephitic Cloud           Conj/Pois/Air  #####...     3%          3    None
 Conjure Flame            Conj/Fire      ####....     6%          3    None
 Regeneration             Chrm/Necr      ####......   7%          3    None
 Apportation              Tloc           ###...       9%          1    None
 Confusing Touch          Hex            #.....       21%         1    None
 Summon Small Mammal      Summ           #...         21%         1    None
 Call Imp                 Summ           #.......     30%         2    None
 Slow                     Hex            #.......     30%         2    None
 Inner Flame              Hex/Fire       #.......     52%         3    None
 Airstrike                Air            #####.....   2%          4    ###....
 Dispel Undead            Necr           #####...     16%         5    #####..
 Sticky Flame             Conj/Fire      ####....     21%         4    ###....
 Fireball                 Conj/Fire      ####......   50%         5    #####..
 Death Channel            Necr           #####.....   65%         6    ######.
 Borgnjor's Vile Clutch   Necr/Erth      ###.......   67%         5    #####..


Dungeon Overview and Level Annotations

Branches:
Dungeon (12/15)            Temple (1/1) D:6            Lair (2/6) D:8
    Orc (0/2) D:11
  Swamp: Lair:2-4    Shoals: Lair:2-4     Snake: Lair:2-4    Spider: Lair:2-4

Altars:
Ashenzari
Cheibriados
Dithmenos
Elyvilon
Fedhas
Gozag
Hepliaklqana
Kikubaaqudgha
Makhleb
Nemelex Xobeh
Okawaru
Qazlal
Ru
Sif Muna
Trog
Uskayaw
Vehumet
Wu Jian
Xom
Yredelemnul
Zin
The Shining One

Shops:
D:6 %   D:8 %*[   D:9 (

Annotations:
D:3 1 exclusion, Sigmund
D:7 1 runed translucent door, exclusions: hippogriff and 2 more exclusions, Crazy Yiuf, Menkaure
D:12 Urug
Lair:1 exclusion: 2 oklob plants


Innate Abilities, Weirdness & Mutations

You have a beak for a mouth.
You have claws for feet.
You can fly continuously.


Message History

Urug squints and screams, "I know a harpy when I see one!"
Urug throws a silver javelin.
The silver javelin pierces through you!
You see here a +0 short sword of speed.
What are your orders? t - Shout!
Orders for allies: a - Attack new target. r - Retreat! s - Stop attacking. g - Guard the area. f - Follow me.
Anything else - Cancel.
Gang up on whom?
Press: ? - help, Dir - move target cursor, f - Urug
Aim: Urug, wielding a +0 demon trident and wearing a +3 scale mail of cold resistance (fast) Attack!
Urug throws a silver javelin.
The silver javelin pierces through you!
* * * LOW HITPOINT WARNING * * *
x2 Urug throws a silver javelin.
The silver javelin barely misses your kobold zombie.
The silver javelin pierces through you!!
* * * LOW HITPOINT WARNING * * *
You die...
Kikubaaqudgha rasps: "You have failed me!
Welcome... death!"

## ##. # ##..
.#
#...#####...
#..........!
###...(.....#
#....#Z#....#
#...@<)..#
#...#Z#..#
#.....Z..#
##%..o.....
###.#.#####
#. .# o> .#
.$ ##


You could see Urug and 3 friendly kobold zombies.

Vanquished Creatures
  Snorg (D:11)
  Erolcha (D:11)
  A hydra (D:10)
  2 two-headed ogres
  An unseen horror (D:12)
  2 trolls
  A hornet (D:8)
  2 dream sheep (D:10)
  4 hippogriffs
  12 yaks
  5 porcupines (D:8)
  4 water moccasins (Lair:1)
  2 black bears
  3 ice beasts
  10 orc warriors
  3 sky beasts
  A meliai simulacrum (D:11)
  A phantom (D:11)
  3 ogres
  2 necrophages
  5 wolves (Lair:1)
  4 centaurs
  A crocodile (Lair:1)
  4 big kobolds
  10 bullfrogs
  A gnoll sergeant (D:9)
  A wyvern zombie (D:11)
  A wyvern skeleton (D:6)
  4 scorpions
  15 killer bees
  4 wights (D:6)
  2 howler monkeys
  3 electric eels (D:11)
  5 crimson imps
  2 bullfrog zombies
  A centaur zombie (D:9)
  3 jellies
  2 hounds
  6 orc priests
  A bullfrog skeleton (D:10)
  A centaur skeleton (D:11)
  2 iguanas
  5 orc wizards
  5 worker ants
  A hound zombie (D:11)
  4 hound skeletons
  A mummy (D:8)
  A worker ant zombie (D:5)
  5 gnolls (D:9)
  2 howler monkey skeletons
  11 adders
  3 shadow imps
  4 oozes
  2 dart slugs
  6 worms
  4 leopard geckos
  42 orcs
  4 giant cockroaches
  A goblin (D:2)
  6 hobgoblins
  16 jackals
  18 kobolds
  6 quokkas
  3 ball pythons
  4 bats
  7 frilled lizards
  A kobold zombie (D:8)
  A leopard gecko skeleton (D:8)
  An orc zombie (D:8)
  A quokka zombie (D:5)
  3 rats
307 creatures vanquished.

Vanquished Creatures (collateral kills)
  Psyche (D:8)
  An ice beast (D:11)
  An eye of draining (D:9)
  An orc warrior (D:9)
  A big kobold (D:9)
  A wyvern zombie (D:11)
  2 scorpions
  A centaur zombie (D:11)
  An orc priest (D:11)
  4 orc wizards
  A worker ant (D:10)
  2 orcs (D:10)
  A quokka (D:11)
18 creatures vanquished.

Vanquished Creatures (others)
  A bullfrog (D:6)
  17 fungi
  4 plants
22 creatures vanquished.

Grand Total: 347 creatures vanquished

Notes
Turn   | Place    | Note
-------+----------+-------------------------------------------
     0 | D:1      | AlterAsc the Tengu Air Elementalist began the quest for the
                  | Orb.
     0 | D:1      | Reached XP level 1. HP: 10/10 MP: 4/4
   302 | D:1      | Reached XP level 2. HP: 3/15 MP: 0/6
  1455 | D:2      | Reached XP level 3. HP: 9/19 MP: 0/7
  1967 | D:2      | Found a burning altar of Makhleb.
  1973 | D:2      | Reached XP level 4. HP: 24/24 MP: 1/8
  2217 | D:2      | Reached skill level 1 in Fighting
  2961 | D:3      | Learned a level 2 spell: Swiftness
  2965 | D:3      | Learned a level 3 spell: Static Discharge
  2979 | D:3      | Gained mutation: You can fly continuously. [Tengu growth]
  2979 | D:3      | Reached XP level 5. HP: 29/29 MP: 5/9
  3033 | D:3      | Noticed Sigmund
  3093 | D:3      | Reached skill level 5 in Air Magic
  3103 | D:3      | Found a hazy altar of Hepliaklqana.
  3308 | D:3      | Found a basalt altar of Yredelemnul.
  3313 | D:3      | Found a glowing golden altar of the Shining One.
  3315 | D:3      | Noticed an angel
  3902 | D:4      | Noticed an ogre
  3946 | D:4      | Killed an ogre
  3946 | D:4      | Reached skill level 1 in Armour
  3946 | D:4      | Reached XP level 6. HP: 26/35 MP: 5/11
  4536 | D:4      | Found a snail-covered altar of Cheibriados.
  4536 | D:4      | Found a shadowy altar of Dithmenos.
  4537 | D:4      | Found a stormy altar of Qazlal.
  4857 | D:4      | Reached XP level 7. HP: 22/40 MP: 0/12
  5067 | D:4      | Got a pitted plate armour
  5144 | D:4      | Learned a level 1 spell: Animate Skeleton
  5203 | D:5      | Entered Level 5 of the Dungeon
  5235 | D:5      | Reached skill level 1 in Necromancy
  6007 | D:5      | Reached XP level 8. HP: 45/45 MP: 14/14
  6565 | D:6      | Reached skill level 5 in Conjurations
  6653 | D:6      | Found a shimmering altar of Xom.
  7468 | D:6      | Found a staircase to the Ecumenical Temple.
  7477 | Temple   | Entered the Ecumenical Temple
  7494 | Temple   | Became a worshipper of Kikubaaqudgha
  7774 | D:6      | Found Ytied's Food Emporium.
  7849 | D:7      | Reached skill level 5 in Dodging
  7892 | D:7      | Found a runed translucent door.
  7893 | D:7      | Noticed Crazy Yiuf
  7918 | D:7      | Noticed a hippogriff
  8009 | D:7      | Noticed Menkaure
  8070 | D:8      | Found Reor's Armour Emporium.
  8090 | D:8      | Noticed a hornet
  8100 | D:8      | Paralysed by a hornet for 1 turns
  8103 | D:8      | Killed a hornet
  8103 | D:8      | Reached skill level 1 in Charms
  8103 | D:8      | Reached XP level 9. HP: 22/52 MP: 16/16
  8362 | D:8      | Found Keele's Food Emporium.
  8497 | D:8      | Found an opulent altar of Gozag.
  8594 | D:8      | Found Heac's General Store.
  8612 | D:8      | Identified the +10 plate armour "Musaich" {rElec MR+ Str-3}
                  | (You found it on level 4 of the Dungeon)
  8706 | D:8      | Noticed a two-headed ogre
  8764 | D:8      | Found a staircase to the Lair.
  8784 | D:8      | Reached * piety under Kikubaaqudgha
  8784 | D:8      | Identified Kikubaaqudgha's Disquisition on Darkness
                  | (Kikubaaqudgha gifted it to you on level 8 of the Dungeon)
  8784 | D:8      | Received a gift from Kikubaaqudgha
  8911 | D:9      | Noticed a troll
  8958 | D:9      | Got a scorched leather armour
  8969 | D:9      | Identified the +0 leather armour of Words of Power {rN+
                  | rCorr} (You found it on level 9 of the Dungeon)
  9015 | D:9      | Learned a level 1 spell: Pain
  9340 | D:9      | Reached skill level 5 in Spellcasting
  9637 | D:9      | Found a bloodstained altar of Trog.
  9780 | D:9      | Found Qadghe's Antique Weapon Boutique.
 10313 | D:9      | Killed a troll
 10530 | D:8      | Reached XP level 10. HP: 57/58 MP: 19/19
 10638 | D:8      | Found a snail-covered altar of Cheibriados.
 10795 | D:8      | Noticed Psyche
 10923 | D:8      | Killed a two-headed ogre
 10923 | D:8      | Reached skill level 5 in Necromancy
 10960 | D:8      | Killed Psyche
 11149 | D:8      | Found an ancient bone altar of Kikubaaqudgha.
 11402 | D:8      | Learned a level 5 spell: Lightning Bolt
 11723 | D:7      | Reached ** piety under Kikubaaqudgha
 11913 | D:7      | Learned a level 2 spell: Blink
 12200 | Lair:1   | Entered Level 1 of the Lair of Beasts
 12279 | Lair:1   | Reached skill level 1 in Translocations
 12285 | Lair:1   | Reached skill level 10 in Air Magic
 12786 | Lair:1   | Noticed an oklob plant
 12797 | Lair:1   | Noticed an oklob plant
 13364 | Lair:1   | Noticed a six-headed hydra
 13484 | Lair:1   | Reached XP level 11. HP: 60/62 MP: 22/22
 13533 | D:10     | Entered Level 10 of the Dungeon
 13560 | D:10     | Noticed a two-headed ogre
 13618 | D:9      | Killed a two-headed ogre
 14052 | D:10     | Reached skill level 5 in Fighting
 14568 | D:10     | Noticed a three-headed hydra
 14585 | D:10     | Killed a three-headed hydra
 14585 | D:10     | Reached skill level 10 in Conjurations
 14842 | D:10     | Reached *** piety under Kikubaaqudgha
 14842 | D:10     | Identified Kikubaaqudgha's Incunabulum of Evil Magic
                  | (Kikubaaqudgha gifted it to you on level 10 of the Dungeon)
 14842 | D:10     | Received a gift from Kikubaaqudgha
 14907 | D:9      | Learned a level 4 spell: Animate Dead
 15588 | D:11     | Got a polished hand axe
 15740 | D:11     | Found a stormy altar of Qazlal.
 15816 | D:11     | Noticed Erolcha
 15827 | D:11     | Killed Erolcha
 15901 | D:11     | Noticed Snorg
 15947 | D:11     | Learned a level 5 spell: Agony
 15977 | D:11     | Killed Snorg
 15977 | D:11     | Reached XP level 12. HP: 70/70 MP: 16/25
 16100 | D:11     | Identified the +3 hand axe of Stickiness {freeze, rPois
                  | rN+} (You found it on level 11 of the Dungeon)
 16520 | D:11     | Reached **** piety under Kikubaaqudgha
 17287 | D:11     | Found a staircase to the Orcish Mines.
 17879 | D:12     | Noticed Urug
 17884 | D:12     | HP: 1/71 [Urug/silver javelin (18)]
 17884 | D:12     | Hit by a silver javelin thrown by Urug

Levels and vault maps discovered:
D:1:      psy_arrival_whirlpool, layout_basic
D:2:      layout_basic, makhleb_blood_cavern_becter
D:3:      layout_loops_ring, grunt_temple_overflow_holy_war, lemuel_round_altar,
          uniq_sigmund
D:4:      layout_basic, gammafunk_temple_overflow_claw
D:5:      layout_loops_ring, first_ration, chequers_serial_rivers_micro_d
D:6:      layout_cave_pools, lemuel_temple_firewalk_a, serial_shops,
          kennysheep_mini, tgw_xom
D:7:      layout_loops_ring, uniq_menkaure, uniq_crazy_yiuf_cottage
D:8:      layout_basic, old_standard_altar, due_lair_maze_entry_diamond,
          nicolae_ossuary_entry_giza, basic_altar, serial_shops, shop, shop,
          nicolae_shop_stone, cheibrodos_worm_habitat, uniq_psyche
D:9:      layout_stronghold, lightli_temple_of_fire, serial_shops,
          kennysheep_little_box, serial_park_tiny_pond
D:10:     layout_rooms, hangedman_ranch [blue_anna_fruit_fields]
D:11:     layout_stronghold, erik_orc_2, hangedman_weighted_door,
          nicolae_qazlal_style_of_elements, uniq_erolcha, uniq_snorg
D:12:     layout_rooms, st_stairs_14, uniq_josephine, uniq_urug
Temple:   dshaligram_water_room_temple
Lair:1:   layout_loops_ring, disabler_island, grunt_megastairs_5
Lair:2:   regret_index_harrowing_hell_hive, layout_regular_city,
          skrybe_swamp_entry_bodies, dummy_snake_entry, grunt_megastairs_2

Skill      XL: |  1  2  3  4  5  6  7  8  9 10 11 12 |
---------------+-------------------------------------+-----
Conjurations   | 2 3 4 5 7 9 10 11 | 11.1
Fighting       | 1 2 4 6 |  6.5
Dodging        | 3 4 5 7 |  7.6
Air Magic      | 5 6 7 8 10 11 | 11.0
Armour         | 1 2 3 |  3.0
Spellcasting   | 3 4 5 7 8 |  8.2
Necromancy     | 2 3 4 6 8 |  8.7
Charms         | 1 2 |  2.0
Translocations | 2 |  2.0
Stealth        | |  2.4

Action                   |  1- 3 |  4- 6 |  7- 9 | 10-12 || total
-------------------------+-------+-------+-------+-------++-------
Melee: Unarmed           |    10 |       |       |       ||    10
       Kick              |     3 |     6 |     1 |       ||    10
       Peck              |     2 |     6 |       |       ||     8
       Dagger            |     9 |    15 |       |       ||    24
       Spear             |       |    15 |       |       ||    15
       Staff             |       |       |     2 |     2 ||     4
 Cast: Shock             |    62 |   129 |   265 |   226 ||   682
       Static Discharge  |       |     1 |    21 |    83 ||   105
       Swiftness         |       |       |     2 |     2 ||     4
       Pain              |       |       |    24 |    36 ||    60
       Animate Skeleton  |       |       |    14 |    19 ||    33
       Lightning Bolt    |       |       |       |    72 ||    72
       Animate Dead      |       |       |       |     4 ||     4
       Blink             |       |       |       |     2 ||     2
       Agony             |       |       |       |    11 ||    11
 Abil: Fly               |       |     1 |       |       ||     1
  Use: Scroll            |       |       |     6 |     5 ||    11
  Eat: Ration            |     1 |       |     2 |     6 ||     9
       Chunk             |     1 |     9 |    11 |    25 ||    46
Armor: Robe              |     9 |     3 |       |       ||    12
       Ring mail         |       |     9 |    55 |    54 ||   118
       Skin              |       |       |       |     1 ||     1
Dodge: Dodged            |    30 |    44 |   113 |   167 ||   354
